 Dungeon Crawl Stone Soup version 0.29-a0-887-gcbe080d7e0 (webtiles) character file.

Game seed: 1490899603794066819

58 zeratav the Stinger (level 4, 0/27 HPs)
             Began as an Octopode Venom Mage on July 21, 2022.
             Slain by an adder (3 damage)
             ... on level 2 of the Dungeon.
             The game lasted 00:01:27 (1427 turns).

zeratav the Stinger (Octopode Venom Mage)           Turns: 1427, Time: 00:01:27

Health: 0/27       AC:  1    Str:  7    XL:     4   Next: 1%
Magic:  2/7        EV: 13    Int: 19    God:
Gold:   72         SH:  0    Dex: 12    Spells: 4/7 levels left

rFire   . . .      SeeInvis .   f - +0 spear {polearm}
rCold   + . .      Faith    .   (no shield)
rNeg    . . .      Spirit   .   (helmet restricted)
rPois   .          Reflect  .   (no amulet)
rElec   .          Harm     .   n - ring of protection from cold
rCorr   .          Rampage  .   (no ring)
Will    .....                   (no ring)
Stlth   ++++......              (no ring)
HPRegen 0.09/turn               (no ring)
MPRegen 0.10/turn               (no ring)
                                (no ring)
                                (no ring)

@: no status effects
A: almost no armour, amphibious, 8 rings, camouflage 1, gelatinous body 1,
(nimble swimmer 1), tentacles
a: no special abilities


You were on level 2 of the Dungeon.
You visited 1 branch of the dungeon, and saw 2 of its levels.

You collected 72 gold pieces.


Innate Abilities, Weirdness & Mutations

You cannot wear most types of armour.
You are amphibious.
You can wear up to eight rings at the same time.
Your skin changes colour to match your surroundings (Stealth+).
Your rubbery body absorbs attacks. (AC +1, EV +1)
((You are camouflaged when in or above water. (Stealth+)))
You have tentacles for arms and can constrict up to eight enemies at once.


   Skills:
 - Level 2.0 Dodging
 + Level 4.6 Stealth
 - Level 2.0 Spellcasting
 - Level 1.0 Transmutations
 + Level 4.8 Poison Magic


You had 4 spell levels left.
You knew the following spells:

 Your Spells              Type           Power      Damage    Failure   Level
a - Sting                 Tmut/Pois      48%        1d5       4%          1
b - Poisonous Vapours     Pois/Air       22%        N/A       10%         2

Your spell library contained the following spells:

 Spells                   Type           Power      Damage    Failure   Level
 Olgreb's Toxic Radiance  Pois           20%        N/A       24%         4
 Mephitic Cloud           Conj/Pois/Air  8%         N/A       26%         3

Inventory:

Hand Weapons
 f - a +0 spear (weapon) {polearm}
   (You found it on level 1 of the Dungeon)
 i - a +0 triple sword {longrare=g}
   (You found it on level 1 of the Dungeon)
Jewellery
 n - a ring of protection from cold (left tentacle)
   (You found it on level 2 of the Dungeon)
Wands
 l - a wand of roots (5)
   (You took it off Jessica on level 2 of the Dungeon)
Scrolls
 b - a scroll of fear {unknown}
 c - 2 scrolls of blinking {unknown}
 d - 3 scrolls of identify {unknown}
 e - a scroll of butterflies {unknown}
 g - a scroll of immolation {unknown}
 j - a scroll of amnesia {unknown}
 k - a scroll of magic mapping {unknown}
Potions
 a - a potion of magic
 h - a potion of heal wounds {unknown}
 m - a potion of brilliance {unknown}

Dungeon Overview and Level Annotations

Branches:
Dungeon (2/15) Zot: 10568

Altars:

Shops:
D:1

[ ###....... ##(........
#..........
#########.........# ###.
.................##
####..... ########..########
. #)...# ###.)#
.###.###############....#
................@S...##.###
...###############........#
.#.# ########...#####.#
....######.....)..#.#####.#
.....<##...##.........g...##
♣♣...†>..♣.♣..♣.P♣♣.§♣.....#
♣♣♣.P.P..♣♣♣.P.♣.♣§♣P.♣♣.♣♣
♣PP..♣P♣....♣♣♣♣.♣♣♣♣S♣.♣
♣♣♣♣.♣♣♣.♣♣.♣ ♣..♣♣♣.♣♣♣♣


You could see an adder.


Message History

Okay, then.
Memorise Poisonous Vapours, consuming 2 spell levels and leaving 3?
You start memorising the spell.
You continue memorising. x2
You finish memorising.
Spell assigned to 'b'.
HP[+1]
You hit the plant but do no damage. You grab the plant.
You constrict the plant.
The plant begins to die.
You constrict the plant. You constrict the plant. You constrict the plant.
A nearby plant withers and dies.
You lose your grip on the plant.
HP[+1]
n - a ring of protection from cold
n - a ring of protection from cold (left tentacle)
A goblin comes into view. It is wielding a +1 vorpal falchion.
The goblin hits something with a +1 vorpal falchion!
HP[+3]
Your hp is fully restored (21).
A gnoll comes into view. It is wielding a +0 halberd.
No target in view!
No target in view!
No target in view!
No target in view!
No target in view!
No target in view!
No target in view!
You see here 16 gold pieces.
You now have 72 gold pieces (gained 16).
The gnoll shouts!
The goblin shouts!
You hear an angry hiss.
An adder comes into view.
Casting: Sting (safe; 5% risk of failure)
Confirm with . or Enter, or press ? or * to list all spells.
Aiming: Poisonous Vapours (safe; 10% risk of failure)
Press: ? - help, Dir - move target, f - gnoll
Aim: a gnoll, wielding a +0 halberd and wearing a +0 leather armour Poisonous vapours surround the gnoll!
The gnoll is poisoned.
The adder hisses angrily.
The gnoll closely misses you.
MP[-2]
You lost 2 mp, and now have 4/6 mp.
The gnoll hits you from afar with a +0 halberd!
A gnoll comes into view. It is wielding a +0 flail.
HP[-8]
You take 8 damage, and now have 13/21 hp.
MASSIVE DAMAGE!! (PAUSE)
Casting: Poisonous Vapours (safe; 10% risk of failure)
Confirm with . or Enter, or press ? or * to list all spells.
Aiming: Poisonous Vapours (safe; 10% risk of failure)
Press: ? - help, Dir - move target, f/p - gnoll
Aim: a gnoll, wielding a +0 halberd and wearing a +0 leather armour (moderately wounded, poisoned) Poisonous vapours surround the gnoll!
The gnoll looks even sicker.
The gnoll hits you from afar with a +0 halberd.
A dart slug comes into view.
A goblin comes into view. It is wielding a +0 club.
HP[-2] MP[-2]
You take 2 damage, and now have 11/21 hp.
You lost 2 mp, and now have 2/6 mp.
MP[+1]
Casting: Poisonous Vapours (safe; 10% risk of failure)
Confirm with . or Enter, or press ? or * to list all spells.
Aiming: Poisonous Vapours (safe; 10% risk of failure)
Press: ? - help, Dir - move target, f/p - gnoll
Aim: a gnoll, wielding a +0 halberd and wearing a +0 leather armour (almost dead) Poisonous vapours surround the gnoll!
The gnoll is poisoned.
MP[-2]
You lost 2 mp, and now have 1/6 mp.
The goblin attacks as you move away! The goblin barely misses you.
A ball python comes into view.
The ball python moves out of view.
You feel a bit more experienced.
You have reached level 4!
HP[+4]
You now have 27 max hp (+6).
You regained 4 hp, and now have 15/27 hp.
You hit the goblin but do no damage. You grab the goblin.
You constrict the goblin, but do no damage.
The goblin hits you with a +1 vorpal falchion!
* * * LOW HITPOINT WARNING * * *
x2 The goblin barely misses you.
HP[-9]
You take 9 damage, and now have 6/27 hp.
MASSIVE DAMAGE!! (PAUSE)
You hit the goblin but do no damage.
You squeeze the goblin, but do no damage.
You constrict the goblin, but do no damage.
The goblin misses you.
MP[+1]
You hit the goblin but do no damage. You squeeze the goblin.
You constrict the goblin, but do no damage.
The goblin completely misses you.
You hit the goblin but do no damage.
You constrict the goblin, but do no damage.
The goblin hits you with a +1 vorpal falchion.
* * * LOW HITPOINT WARNING * * *
x2 HP[-3]
You take 3 damage, and now have 3/27 hp.
You hit the goblin.
You kill the goblin!
The adder bites you.
You die...

Skill      XL: |  1  2 |
---------------+-------+-----
Stealth        | 3 4 |  4.6
Poison Magic   | 4 |  4.8
Dodging        | |  2.0
Spellcasting   | |  2.0
Transmutations | |  1.0

Action                   |  1- 3 |  4- 6 || total
-------------------------+-------+-------++-------
Melee: Spear             |    48 |     5 ||    53
       Tentacles         |    11 |     2 ||    13
       Constrict         |    11 |     1 ||    12
       Punch             |     1 |       ||     1
 Cast: Sting             |     5 |       ||     5
       Poisonous Vapours |     3 |       ||     3
 Stab: Sleeping          |     6 |       ||     6
Armor: Skin              |     1 |       ||     1
Dodge: Dodged            |    24 |     3 ||    27

Levels and vault maps discovered:
D:1:      dpeg_arrival_rooms_c, layout_loops_ring, serial_shops, shop
D:2:      wad_woods_stonehenge, layout_rooms, shapermc_ecumenical_altar_gd,
          serial_shops, shop, chequers_serial_rivers_micro_e, uniq_sigmund,
          uniq_jessica

Notes
Turn   | Place    | Note
-------+----------+-------------------------------------------
     0 | D:1      | zeratav the Octopode Venom Mage began the quest for the
                  | Orb.
     0 | D:1      | Reached XP level 1. HP: 11/11 MP: 3/3
     0 | D:1      | magus.rc [v1.9.6]
    54 | D:1      | Found Erphufot's Armour Shop.
   131 | D:1      | Reached skill level 3 in Stealth
   376 | D:1      | Reached skill level 4 in Poison Magic
   376 | D:1      | Reached XP level 2. HP: 17/17 MP: 5/5
   642 | D:1      | i - a +0 triple sword {longrare=g}
  1155 | D:2      | Noticed Jessica
  1156 | D:2      | HP: 3/17 [Jessica/nerve-wracking pain (14)]
  1157 | D:2      | Killed Jessica
  1158 | D:2      | Reached skill level 4 in Stealth
  1158 | D:2      | Reached XP level 3. HP: 4/21 MP: 3/6
  1331 | D:2      | Learned a level 2 spell: Poisonous Vapours
  1420 | D:2      | Reached XP level 4. HP: 15/27 MP: 1/7
  1423 | D:2      | HP: 6/27 [goblin/+1 vorpal falchion (2)]
  1427 | D:2      | Slain by an adder

Vanquished Creatures
  Jessica (D:2)
  A gnoll (D:2)
  5 goblins
  A hobgoblin (D:1)
  4 jackals (D:1)
  3 kobolds
  3 quokkas
  A ball python (D:1)
  2 bats (D:1)
  A frilled lizard (D:1)
22 creatures vanquished.

Vanquished Creatures (others)
  60 plants (D:2)
60 creatures vanquished.

Grand Total: 82 creatures vanquished

Table legend:
 A = Non-vault XP
 B = Vault XP
 C = Vault XP percentage of total XP
 D = Non-vault monster count
 E = Vault monster count
 F = Vault count percentage of total count
                 A         B        C        D         E       F
            +---------+---------+-------+---------+---------+-------
      Total |      32 |      53 |  62.4 |      19 |       3 |  13.6
            +---------+---------+-------+---------+---------+-------
        D:1 |      29 |       0 |   0.0 |      17 |       0 |   0.0
        D:2 |       3 |      53 |  94.6 |       2 |       3 |  60.0
            +---------+---------+-------+---------+---------+-------

Illustrated notes

Table legend:
 A = Kills in this place as a percentage of kills in entire the game.
 B = Kills by you in this place as a percentage of kills by you in the entire game.
 C = Kills by friends in this place as a percentage of kills by friends in the entire game.
 D = Other kills in this place as a percentage of other kills in the entire game.
 E = Experience gained in this place as a percentage of experience gained in the entire game.
 F = Experience gained in this place divided by the number of levels of this place that you have seen.
                   A       B       C       D       E      F
               +-------+-------+-------+-------+-------+----------------------
         Total | 100.0 | 100.0 |   N/A |   N/A | 100.0 |  42.5
       Dungeon | 100.0 | 100.0 |   N/A |   N/A | 100.0 |  42.5
               +-------+-------+-------+-------+-------+----------------------

Table legend: (Time is in decaauts)
 A = Elapsed time spent in this place.
 B = Non-inter-level travel time spent in this place.
 C = Inter-level travel time spent in this place.
 D = Time resting spent in this place.
 E = Time spent auto-exploring this place.
 F = Levels seen in this place.
 G = Mean time per level.
                   A        B        C        D        E       F      G
               +--------+--------+--------+--------+--------+-----+--------+
         Total |   1430 |   1380 |     50 |      0 |   1200 |   2 |  715.0 |
       Dungeon |   1430 |   1380 |     50 |      0 |   1200 |   2 |  715.0 |
               +--------+--------+--------+--------+--------+-----+--------+

Top non-repeatable levels by time:
     D:1: 1067 daAuts
     D:2: 363 daAuts
